 Dungeon Crawl Stone Soup version 0.25-a0-705-ge9988fc0fb (webtiles) character file.

Game seed: 4717015309511038793, levelgen mode: deterministic

6 Maedhros the Charlatan (level 1, -2/13 HPs)
             Began as an Octopode Artificer on Apr 4, 2020.
             Slain by a kobold
             ... wielding a +0 dagger
              (4 damage)
             ... on level 1 of the Dungeon.
             The game lasted 00:00:04 (34 turns).

Maedhros the Charlatan (Octopode Artificer)           Turns: 34, Time: 00:00:05

Health: -2/13      AC:  1    Str: 11    XL:     1   Next: 90%
Magic:  3/3        EV: 13    Int: 13    God:
Gold:   0          SH:  0    Dex: 12    Spells: 0/0 levels left

rFire    . . .     SeeInvis .   a - +0 short sword
rCold    . . .     Gourm    .   (no shield)
rNeg     . . .     Faith    .   (helmet restricted)
rPois    .         Spirit   .   (no amulet)
rElec    .         Reflect  .   (no ring)
rCorr    .         Harm     .   (no ring)
MR       .....                  (no ring)
Stlth    +++.......             (no ring)
HPRegen  0.04/turn              (no ring)
MPRegen  0.08/turn              (no ring)
                                (no ring)
                                (no ring)

@: no status effects
A: almost no armour, stealthy swim, amphibious, 8 rings, constrict 8, camouflage
1, gelatinous body 1
a: no special abilities


You were on level 1 of the Dungeon.
You were not hungry.

You visited 1 branch of the dungeon, and saw 1 of its levels.

Inventory:

Hand Weapons
 a - a +0 short sword (weapon)
Wands
 b - a wand of flame (15)
 c - a wand of enslavement (15)
 d - a wand of random effects (15)
Comestibles
 f - 2 rations


   Skills:
 - Level 1.0 Fighting
 - Level 1.0 Short Blades
 - Level 2.0 Dodging
 + Level 2.1 Stealth
 + Level 3.5 Evocations


You couldn't memorise any spells.
You didn't know any spells.
Your spell library was empty.

Dungeon Overview and Level Annotations

Branches:
Dungeon (1/15)

Altars:


Innate Abilities, Weirdness & Mutations

You cannot wear most types of armour.
You are very stealthy in the water. (Stealth+)
You are amphibious.
You can wear up to eight rings at the same time.
You can use your tentacles to constrict eight enemies at once.
Your skin changes colour to match your surroundings (Stealth+).
Your rubbery body absorbs attacks. (AC +1, EV +1)


Message History

The goblin hits you with a +0 dagger.
You closely miss the goblin. You grab the goblin. You constrict the goblin.
The goblin closely misses you.
You hit the goblin.
The goblin is severely wounded.
You constrict the goblin.
You kill the goblin!
Your Stealth skill increases to level 2!
You closely miss the goblin. Your grab misses the goblin.
Your squeeze misses the goblin. The goblin misses you.
You hit the goblin but do no damage. You grab the goblin.
You constrict the goblin. The goblin hits you.
* * * LOW HITPOINT WARNING * * *
You hit the goblin.
You kill the goblin!
The kobold throws a stone.
The stone closely misses you.
You swing at nothing.
You barely miss the kobold. You grab the kobold. You constrict the kobold.
The kobold completely misses you. The kobold hits you with a +0 dagger.
You die...

###.#####
#.#.#∩#..$♣#
.#∩#........♣#
.........♣...
.........(..♣#
♣.................#
.................#
....♣.....8....$.#
...............#@##
..[..........♣###K#
.............##g..#
.............#.....
#.<......♣..♣#....##
##...........#....#
##..♣....♣.##....#
############K#### #.


You could see a kobold.

Vanquished Creatures
  A hobgoblin (D:1)
  A kobold (D:1)
  3 goblins (D:1)
5 creatures vanquished.

Notes
Turn   | Place    | Note
-------+----------+-------------------------------------------
     0 | D:1      | Maedhros the Octopode Artificer began the quest for the
                  | Orb.
     0 | D:1      | Reached XP level 1. HP: 13/13 MP: 3/3
    34 | D:1      | Slain by a kobold

Levels and vault maps discovered:
D:1:      nzn_arrival_settlement, layout_loops_ring, serial_aquarium,
          aquarium_bridge_long_joined [aquarium_subvault_bridge,
          aquarium_subvault_bridge, aquarium_subvault_window,
          aquarium_subvault_balcony, aquarium_subvault_window,
          aquarium_subvault_wall], aquarium_window_1, aquarium_window_3,
          aquarium_window_fake, aquarium_view_2c, aquarium_view_2d,
          aquarium_balcony_1b

Skill      XL: |  1 |
---------------+----+-----
Stealth        | 2 |  2.1
Fighting       | |  1.0
Short Blades   | |  1.0
Dodging        | |  2.0
Evocations     | |  3.5

Action                   || total
-------------------------++-------
Melee: Short sword       ||    15
       Constrict         ||     6
       Tentacles         ||     2
Dodge: Dodged            ||     8

Table legend:
 A = Non-vault XP
 B = Vault XP
 C = Vault XP percentage of total XP
 D = Non-vault monster count
 E = Vault monster count
 F = Vault count percentage of total count
                 A         B        C        D         E       F
            +---------+---------+-------+---------+---------+-------
      Total |       9 |       0 |   0.0 |       5 |       0 |   0.0
            +---------+---------+-------+---------+---------+-------
        D:1 |       9 |       0 |   0.0 |       5 |       0 |   0.0
            +---------+---------+-------+---------+---------+-------
